 Dungeon Crawl Stone Soup version 0.28-a0-1152-g9c71ebef14 (webtiles) character file.

Game seed: 12312441934429564875

51 ytrimaz the Insei (level 3, -6/23 HPs)
             Began as an Octopode Transmuter on Dec 14, 2021.
             Killed by divine providence
             ... invoked by an orc priest
              (12 damage)
             ... on level 3 of the Dungeon.
             The game lasted 00:01:26 (2099 turns).

ytrimaz the Insei (Octopode Transmuter)             Turns: 2099, Time: 00:01:27

Health: -6/23      AC:  1    Str:  9    XL:     3   Next: 83%
Magic:  6/6        EV: 13    Int: 17    God:
Gold:   117        SH:  0    Dex: 12    Spells: 1/7 levels left

rFire   . . .      SeeInvis .     - Unarmed
rCold   . . .      Faith    .   (no shield)
rNeg    . . .      Spirit   .   (helmet restricted)
rPois   .          Reflect  .   (no amulet)
rElec   .          Harm     .   (no ring)
rCorr   .          Rampage  .   (no ring)
Will    .....                   (no ring)
Stlth   ++........              (no ring)
HPRegen 0.07/turn               (no ring)
MPRegen 0.10/turn               (no ring)
                                (no ring)
                                (no ring)

@: no status effects
A: almost no armour, amphibious, 8 rings, camouflage 1, gelatinous body 1,
(nimble swimmer 1), tentacles
a: no special abilities


You were on level 3 of the Dungeon.
You visited 1 branch of the dungeon, and saw 3 of its levels.

You collected 117 gold pieces.

Inventory:

Wands
 c - a wand of mindburst (10)
Potions
 b - a potion of lignification {unknown}
 d - a potion of brilliance {unknown}


   Skills:
 * Level 1.4 Fighting
 - Level 2.0 Dodging
 + Level 3.6 Unarmed Combat
 * Level 2.5 Spellcasting
 * Level 2.6 Transmutations


You had one spell level left.
You knew the following spells:

 Your Spells              Type           Power      Damage    Failure   Level
a - Beastly Appendage     Tmut           22%        N/A       6%          1
b - Wereblood             Tmut           11%        N/A       10%         2
c - Spider Form           Tmut/Pois      6%         N/A       32%         3

Your spell library contained the following spells:

 Spells                   Type           Power      Damage    Failure   Level
 Ice Form                 Ice/Tmut       6%         N/A       71%         4


Dungeon Overview and Level Annotations

Branches:
Dungeon (3/15)

Altars:


Innate Abilities, Weirdness & Mutations

You cannot wear most types of armour.
You are amphibious.
You can wear up to eight rings at the same time.
Your skin changes colour to match your surroundings (Stealth+).
Your rubbery body absorbs attacks. (AC +1, EV +1)
((You are camouflaged near water. (Stealth+)))
You have tentacles for arms and can constrict up to eight enemies at once.


Message History

An orc is nearby!
You tentacle-slap the orc.
You pierce the orc, but do no damage.
You squeeze the orc.
You kill the orc!
Your transformation is almost over.
Your tentacle spike disappears.
An orc priest comes into view. It is wielding a +0 hand axe.
The orc priest closely misses you.
A necrophage comes into view.
Things that are here:
a +0 club; 3 boomerangs; a +0 ring mail
There are monsters nearby!
You closely miss the orc priest. Your grab misses the orc priest.
You squeeze the orc priest.
The orc priest is moderately wounded.
The orc priest barely misses you.
There are monsters nearby!
There are monsters nearby!
You tentacle-slap the orc priest but do no damage.
Your grab misses the orc priest.
Your tentacle-slap misses the orc priest.
You squeeze the orc priest.
The orc priest is severely wounded.
The orc priest barely misses you.
There are monsters nearby!
The orc priest invokes the aid of Beogh against you.
Beogh smites you!
Ouch! That really hurt!
Unknown command.
The orc priest hits you with a +0 hand axe!
* * * LOW HITPOINT WARNING * * *
Things that are here:
a +0 club; 3 boomerangs; a +0 ring mail
Things that are here:
a +0 mace; an orc corpse It was a potion of curing.
You feel better.
The orc priest calls down the wrath of Beogh upon you.
Beogh smites you!
Ouch! That really hurt!
You die...

. ###### #. ##.##.##
.####.###......#####.#
..........#..........#
##.#.#.#......#######
#.##.##.## #.#####.#
#.# #.# #@# ##'##
.######o# ##...##
....n.n.###.....##
.##.######<......#
#.........#
+.........+
#.........#
##.......## ##.....##


You could see a necrophage and an orc priest.

Vanquished Creatures
  An adder (D:2)
  A worm (D:2)
  A dart slug (D:2)
  2 orcs (D:3)
  2 bats (D:2)
  6 endoplasms
  2 giant cockroaches
  A goblin (D:2)
  5 hobgoblins
  2 quokkas (D:1)
  4 ball pythons
  2 frilled lizards (D:2)
  3 rats
32 creatures vanquished.

Notes
Turn   | Place    | Note
-------+----------+-------------------------------------------
     0 | D:1      | ytrimaz the Octopode Transmuter began the quest for the
                  | Orb.
     0 | D:1      | Reached XP level 1. HP: 13/13 MP: 3/3
   256 | D:1      | Reached XP level 2. HP: 18/18 MP: 5/5
   347 | D:1      | Found a faded altar of an unknown god.
   804 | D:2      | Reached XP level 3. HP: 23/23 MP: 4/6
   807 | D:2      | Learned a level 2 spell: Wereblood
   811 | D:2      | Learned a level 3 spell: Spider Form
  1134 | D:2      | HP: 1/23 [worm (11)]
  2093 | D:3      | Noticed a necrophage
  2097 | D:3      | HP: 1/23 [orc priest (7)]
  2099 | D:3      | Killed from afar by an orc priest

Illustrated notes

Levels and vault maps discovered:
D:1:      enne_arrival_octagon_isle, layout_basic,
          shapermc_ecumenical_altar_flowoftime
D:2:      layout_rooms, minivault_23
D:3:      layout_loops_corners, serial_aquarium, aquarium_bridge_straight
          [aquarium_subvault_bridge, aquarium_subvault_balcony,
          aquarium_subvault_bridge, aquarium_subvault_wall],
          aquarium_window_fake, aquarium_window_fake, aquarium_view_2c,
          aquarium_pool_1, uniq_jessica

Action                   || total
-------------------------++-------
Melee: Unarmed           ||    80
       Constrict         ||    16
       Tentacles         ||    15
       Kick              ||     9
       Punch             ||     2
 Cast: Beastly Appendage ||    16
       Spider Form       ||     1
  Use: Scroll            ||     4
       Potion            ||     1
 Stab: Sleeping          ||     4
Armor: Skin              ||     4
Dodge: Dodged            ||    57

Table legend: (Time is in decaauts)
 A = Elapsed time spent in this place.
 B = Non-inter-level travel time spent in this place.
 C = Inter-level travel time spent in this place.
 D = Time resting spent in this place.
 E = Time spent auto-exploring this place.
 F = Levels seen in this place.
 G = Mean time per level.
                   A        B        C        D        E       F      G
               +--------+--------+--------+--------+--------+-----+--------+
         Total |   2093 |   2051 |     42 |     17 |   1773 |   3 |  697.7 |
       Dungeon |   2093 |   2051 |     42 |     17 |   1773 |   3 |  697.7 |
               +--------+--------+--------+--------+--------+-----+--------+

Top non-repeatable levels by time:
     D:2: 1249 daAuts
     D:1: 793 daAuts
     D:3: 50 daAuts
